 Dungeon Crawl Stone Soup version 0.23.2-40-g277498a001 (webtiles) character file.

Game seed: 5003191383842585890

13932 BreadTh the Martial Artist (level 11, -2/92 HPs)
             Began as a Demigod Transmuter on Aug 25, 2019.
             Slain by a manticore (3 damage)
             ... on level 13 of the Dungeon.
             The game lasted 01:09:55 (16557 turns).

BreadTh the Martial Artist (Demigod Transmuter)    Turns: 16557, Time: 01:09:55

Health: -2/92      AC:  7    Str: 15    XL:     11   Next: 52%
Magic:  0/22       EV: 15    Int: 17    God:
Gold:   142        SH:  0    Dex: 22    Spells: 7/20 levels left

rFire    x . .     SeeInvis .     - Unarmed
rCold    + + +     Gourm    .   (shield currently unavailable)
rNeg     . . .     Faith    .   (armour currently unavailable)
rPois    +         Spirit   +   (helmet currently unavailable)
rElec    .         Reflect  .   (cloak currently unavailable)
rCorr    .         Harm     .   (gloves currently unavailable)
MR       ++...                  (boots currently unavailable)
Stlth    ++........             N - amulet of guardian spirit
HPRegen  0.25/turn              I - ring of protection from magic
MPRegen  0.18/turn              O - +4 ring of evasion

@: ice-form, barbed spikes, very slightly contaminated
A: large, high mp 1, strong 1, wild magic 1
a: End Transformation


You were on level 13 of the Dungeon.
You were near starving.
You were a creature of crystalline ice.
You visited 1 branch of the dungeon, and saw 13 of its levels.

You collected 677 gold pieces.
You spent 535 gold pieces at shops.

Inventory:

Hand Weapons
 Y - a +0 blowgun
Missiles
 w - 77 poisoned needles
 K - 8 javelins (quivered)
 R - 4 curare-tipped needles
 U - 5 tomahawks
Armour
 e - a +2 robe of positive energy
 p - the +0 robe "Qexoson" {rC+}
   (You bought it in a shop on level 11 of the Dungeon)

   It protects you from cold.
 q - a +0 pair of gloves (melded)
 y - a scarf of spirit shield (melded)
 D - a +1 helmet (melded)
 E - a +2 pair of boots of stealth (melded)
 J - the +4 leather armour of Love and Death {+Fly rPois rC- Dex-3}
   (You found it on level 5 of the Dungeon)

   It affects your dexterity (-3).
   It makes you vulnerable to cold.
   It protects you from poison.
   It lets you fly.
 V - a +2 leather armour of poison resistance (melded)
Magical Staves
 f - an uncursed staff of air
Jewellery
 I - a ring of protection from magic (left front paw)
 N - an amulet of guardian spirit (around neck)
 O - a +4 ring of evasion (right front paw)
 Q - an uncursed ring of fire
Wands
 a - a wand of digging (4)
 o - a wand of disintegration (15)
 t - a wand of flame (36)
 x - a wand of polymorph (9)
 A - a wand of paralysis (20)
 H - a wand of acid (7)
Scrolls
 b - 5 scrolls of remove curse
 c - 2 scrolls of fog
 h - 2 scrolls of fear {unknown}
 n - 3 scrolls of magic mapping {unknown}
 v - a scroll of noise {unknown}
 B - 2 scrolls of immolation {unknown}
 C - 5 scrolls of amnesia
 F - 6 scrolls of teleportation
 G - a scroll of enchant armour {unknown}
 L - a scroll of blinking {unknown}
 M - a scroll of enchant weapon {unknown}
 W - a scroll of torment {unknown}
 X - a scroll of brand weapon {unknown}
Potions
 g - a potion of berserk rage
 i - 2 potions of heal wounds
 j - 3 potions of flight
 l - a potion of haste
 m - 2 potions of invisibility
 r - 3 potions of might
 s - 2 potions of agility
 u - 4 potions of curing
 z - 2 potions of magic
 P - a potion of ambrosia
 S - a potion of lignification
 T - a potion of brilliance
 Z - a potion of resistance
Comestibles
 d - 25 rations
 k - 14 chunks of flesh


   Skills:
 - Level 1.0 Fighting
 - Level 2.0 Dodging
 + Level 12.4 Unarmed Combat
 - Level 5.1 Spellcasting
 + Level 11.4 Transmutations


You had 7 spell levels left.
You knew the following spells:

 Your Spells              Type           Power        Failure   Level  Hunger
a - Beastly Appendage     Tmut           ######       1%          1    None
b - Spider Form           Tmut/Pois      ####......   7%          3    ###....
c - Ice Form              Ice/Tmut       ####....     19%         4    ####...
d - Blade Hands           Tmut           ######....   6%          5    ######.

Your spell library contained the following spells:

 Spells                   Type           Power        Failure   Level  Hunger
 Sticks to Snakes         Tmut           ######..     1%          2    #......
 Corona                   Hex            #......      21%         1    None
 Freeze                   Ice            #...         21%         1    None
 Shock                    Conj/Air       #...         21%         1    None
 Ensorcelled Hibernation  Hex/Ice        #.....       30%         2    #......
 Swiftness                Chrm/Air       #.......     30%         2    #......
 Confuse                  Hex            #.......     47%         3    ###....
 Dazzling Spray           Conj/Hex       #.....       47%         3    ###....
 Static Discharge         Conj/Air       #.......     47%         3    ###....
 Tukima's Dance           Hex            #.......     47%         3    ###....
 Airstrike                Air            #.........   86%         4    ####...
 Bolt of Draining         Conj/Necr      #.........   99%         5    ######.
 Lightning Bolt           Conj/Air       #.........   99%         5    ######.
 Bolt of Cold             Conj/Ice       #.........   100%        6    #######
 Death Channel            Necr           #.........   100%        6    #######


Dungeon Overview and Level Annotations

Branches:
Dungeon (13/15)            Temple (0/1) D:6            Lair (0/6) D:8
    Orc (0/2) D:12
 Vaults: D:13-14

Shops:
D:11 :[[}

Annotations:
D:9 3 runed translucent doors, Andrea's ghost, novice HOFi


Innate Abilities, Weirdness & Mutations

You have an increased reservoir of magic. (+10% MP)
Your muscles are strong. (Str +2)
Your spells are a little harder to cast, but a little more powerful.


Message History

The barbed spikes become lodged in your body.
You pummel the manticore!! You freeze the manticore!
The manticore is heavily wounded.
The manticore bites you! The manticore barely misses you.
The manticore completely misses you.
You completely miss the manticore.
The manticore is heavily wounded.
You pummel the manticore!! You freeze the manticore.
The manticore is almost dead.
The manticore bites you!
* * * LOW HITPOINT WARNING * * *
The manticore claws you.
* * * LOW HITPOINT WARNING * * *
The manticore claws you but does no damage.
You hit the manticore but do no damage.
The manticore is almost dead.
The manticore bites you!!
* * * LOW HITPOINT WARNING * * *
The manticore claws you.
You die...

.............#
.............# ......
.....<.......# .....
.............# ....
.............# ...####
.............# .......
...####'####.# .......
#+##.......#.####H......
#.......#....Y...#
#.......##'#####.#
#..............#
##+#######.....# #.....+
#.....# #######


You could see a manticore.

Vanquished Creatures
  Sonja (D:11)
  2 unseen horrors
  Pikel (D:5)
  2 ugly things (D:11)
  A manticore (D:12)
  Joseph (D:7)
  2 gargoyles
  A kobold demonologist (D:12)
  The ghost of Deathwalker the Covered, a novice HuWr of Wu Jian (D:4)
  2 trolls
  Prince Ribbit (D:6)
  A hornet (D:12)
  A hippogriff (D:10)
  A wraith (D:11)
  2 wyverns (D:10)
  12 yaks
  4 vampire mosquitoes (D:12)
  Edmund (D:6)
  2 wargs (D:7)
  A water moccasin (D:9)
  Duvessa (D:6)
  6 orc warriors
  A swamp drake (D:12)
  4 slaves
  4 sky beasts
  3 black bears
  2 ice beasts
  6 ogres
  A centaur (D:9)
  Blork the orc (D:5)
  3 big kobolds
  4 bullfrogs
  Dowan (D:6)
  A gnoll sergeant (D:9)
  2 scorpions
  A water moccasin skeleton (D:6)
  11 wights
  3 crimson imps
  3 bullfrog zombies
  A quasit (D:7)
  A jelly (D:9)
  5 hounds
  9 orc wizards
  A bullfrog skeleton (D:6)
  5 orc priests
  2 iguanas (D:9)
  Natasha (thrice) (D:2)
  13 worker ants
  A hound skeleton (D:4)
  Robin (D:3)
  A worker ant zombie (D:11)
  11 gnolls
  10 adders
  2 shadow imps
  3 worms
  4 dart slugs
  7 leopard geckos
  46 orcs
  2 ball pythons
  9 giant cockroaches
  21 goblins
  10 hobgoblins
  9 jackals
  6 quokkas
  10 bats
  4 frilled lizards
  31 kobolds
  A quokka skeleton (D:6)
  6 rats
333 creatures vanquished.

Notes
Turn   | Place    | Note
-------+----------+-------------------------------------------
     0 | D:1      | BreadTh the Demigod Transmuter began the quest for the Orb.
     0 | D:1      | Reached XP level 1. HP: 15/15 MP: 5/5
   394 | D:1      | Reached skill level 3 in Unarmed Combat
   423 | D:1      | Reached XP level 2. HP: 13/22 MP: 7/7
  1045 | D:1      | Reached skill level 1 in Fighting
  1045 | D:1      | Reached XP level 3. HP: 26/28 MP: 8/8
  1142 | D:2      | Learned a level 3 spell: Spider Form
  1149 | D:2      | Noticed Natasha
  1169 | D:2      | Killed Natasha
  1445 | D:2      | Noticed Natasha
  1505 | D:2      | Killed Natasha
  1505 | D:2      | Reached skill level 4 in Unarmed Combat
  1505 | D:2      | Reached XP level 4. HP: 28/35 MP: 6/10
  1651 | D:2      | Noticed Natasha
  1657 | D:2      | Killed Natasha
  1727 | D:2      | Found a shattered altar of Ashenzari.
  2259 | D:3      | Reached XP level 5. HP: 35/40 MP: 1/12
  2616 | D:3      | Found an ornate altar of the Wu Jian Council.
  2759 | D:3      | Noticed Robin
  2771 | D:3      | Killed Robin
  3412 | D:4      | Found an iron altar of Okawaru.
  3501 | D:4      | Found a runed translucent gate.
  3501 | D:4      | Found a runed translucent gate.
  3501 | D:4      | Found a runed translucent gate.
  3502 | D:4      | Noticed Deathwalker's ghost (novice HuWr)
  3514 | D:4      | Learned a level 4 spell: Ice Form
  3571 | D:4      | Reached skill level 5 in Unarmed Combat
  3571 | D:4      | Reached XP level 6. HP: 42/47 MP: 11/14
  4339 | D:4      | Learned a level 5 spell: Blade Hands
  4722 | D:4      | HP: 2/47 [poisoned by a worker ant]
  4749 | D:4      | HP: 2/47 [poisoned by a worker ant]
  5132 | D:5      | Entered Level 5 of the Dungeon
  5133 | D:5      | Found a hazy altar of Hepliaklqana.
  5134 | D:5      | Noticed Pikel
  5379 | D:5      | Killed Pikel
  5379 | D:5      | Reached skill level 6 in Unarmed Combat
  5379 | D:5      | Reached skill level 5 in Spellcasting
  5379 | D:5      | Reached XP level 7. HP: 27/52 MP: 8/18
  5552 | D:5      | Noticed Blork the orc
  5563 | D:5      | Killed Blork the orc
  5678 | D:5      | Found a blossoming altar of Fedhas.
  5708 | D:5      | Found a white marble altar of Elyvilon.
  5825 | D:5      | Found a burning altar of Makhleb.
  5845 | D:5      | Reached XP level 8. HP: 46/59 MP: 10/19
  5856 | D:5      | Got a shimmering leather armour
  5880 | D:5      | Identified the +4 leather armour of Love and Death {+Fly
                  | rPois rC- Dex-3} (You found it on level 5 of the Dungeon)
  6249 | D:5      | Found a bloodstained altar of Trog.
  6552 | D:6      | Reached skill level 7 in Unarmed Combat
  6672 | D:6      | Noticed Duvessa
  6672 | D:6      | Noticed Dowan
  6681 | D:6      | Killed Duvessa
  6681 | D:6      | Reached skill level 5 in Transmutations
  6686 | D:6      | Killed Dowan
  6691 | D:6      | Found a sparkling altar of Nemelex Xobeh.
  6701 | D:6      | Found a sacrificial altar of Ru.
  7267 | D:6      | Found a staircase to the Ecumenical Temple.
  7369 | D:6      | Noticed Prince Ribbit
  7394 | D:6      | Killed Prince Ribbit
  7394 | D:6      | Reached skill level 8 in Unarmed Combat
  7453 | D:6      | Noticed Edmund
  7463 | D:6      | Killed Edmund
  7693 | D:6      | Reached XP level 9. HP: 64/64 MP: 13/20
  8028 | D:7      | Noticed Joseph
  8055 | D:7      | Killed Joseph
  8999 | D:7      | Found an opulent altar of Gozag.
  9144 | D:7      | Reached skill level 9 in Unarmed Combat
  9518 | D:4      | Killed Deathwalker's ghost
 10387 | D:8      | Found a staircase to the Lair.
 11689 | D:9      | Reached XP level 10. HP: 64/71 MP: 11/21
 11700 | D:9      | Reached skill level 10 in Unarmed Combat
 12087 | D:9      | Found a runed translucent gate.
 12087 | D:9      | Found a runed translucent gate.
 12087 | D:9      | Found a runed translucent gate.
 12417 | D:9      | Noticed Andrea's ghost (novice HOFi)
 12563 | D:10     | Entered Level 10 of the Dungeon
 13005 | D:10     | Identified the Grimoire of a Million Ghosts
 13022 | D:10     | Gained mutation: Your spells are a little harder to cast,
                  | but a little more powerful. [potion of mutation]
 13022 | D:10     | Gained mutation: Your muscles are strong. (Str +2) [potion
                  | of mutation]
 13346 | D:10     | Reached skill level 11 in Unarmed Combat
 13687 | D:11     | Reached skill level 10 in Transmutations
 13697 | D:11     | Found Uqeosa's Book Emporium.
 13734 | D:11     | Found Idop's Antique Armour Shop.
 13780 | D:11     | Bought an embroidered scarf for 192 gold pieces
 13932 | D:11     | Found Fassenops's Gadget Shoppe.
 14007 | D:11     | Found Muilliam's Antique Armour Emporium.
 14015 | D:11     | Bought an ancient robe for 148 gold pieces
 14015 | D:11     | Bought a pair of embroidered boots for 195 gold pieces
 14030 | D:11     | Identified the +0 robe "Qexoson" {rC+} (You bought it in a
                  | shop on level 11 of the Dungeon)
 14070 | D:11     | Killed an unseen horror
 14174 | D:11     | Noticed a seven-headed hydra
 14529 | D:11     | Noticed a purple ugly thing
 14541 | D:11     | Killed a purple ugly thing
 14733 | D:11     | Noticed a white ugly thing
 14743 | D:11     | Killed a white ugly thing
 14743 | D:11     | Reached XP level 11. HP: 75/77 MP: 14/22
 14768 | D:11     | Noticed Sonja
 14776 | D:11     | Killed Sonja
 15444 | D:12     | Reached skill level 12 in Unarmed Combat
 15695 | D:12     | Found a staircase to the Orcish Mines.
 16440 | D:13     | Killed an unseen horror
 16557 | D:13     | HP: 1/92 [manticore (22)]
 16557 | D:13     | Slain by a manticore

Skill      XL: |  1  2  3  4  5  6  7  8  9 10 11 |
---------------+----------------------------------+-----
Transmutations | 2 3 4 6 8 10 11 | 11.4
Dodging        | 2 |  2.0
Unarmed Combat | 3 4 5 6 8 9 11 12 | 12.4
Fighting       | 1 |  1.0
Spellcasting   | 2 3 5 |  5.1

Action                   |  1- 3 |  4- 6 |  7- 9 | 10-12 || total
-------------------------+-------+-------+-------+-------++-------
Melee: Unarmed           |   113 |   335 |   299 |   337 ||  1084
       Punch             |     1 |       |     2 |    11 ||    14
       Headbutt          |     2 |     4 |       |       ||     6
       Kick              |       |    16 |     3 |       ||    19
Throw: Stone             |     1 |       |     1 |       ||     2
 Cast: Beastly Appendage |     2 |    14 |     3 |       ||    19
       Spider Form       |     2 |    22 |    18 |    11 ||    53
       Ice Form          |       |       |     8 |    12 ||    20
       Blade Hands       |       |       |     5 |    10 ||    15
 Abil: End Transformatio |       |       |       |     1 ||     1
  Use: Potion            |       |     2 |     1 |     2 ||     5
       Scroll            |       |       |    12 |     7 ||    19
 Stab: Sleeping          |     1 |     2 |     2 |     1 ||     6
  Eat: Chunk             |     2 |    15 |    20 |    16 ||    53
       Ration            |       |       |     2 |     1 ||     3
Armor: Leather armour    |    17 |    25 |    16 |    29 ||    87
       Skin              |     1 |     4 |    18 |    20 ||    43
       Robe              |       |       |     3 |       ||     3
Dodge: Dodged            |    66 |   197 |   214 |   221 ||   698
